 Dungeon Crawl Stone Soup version 0.26-a0-651-gb41185065b (webtiles) character file.

Game seed: 6200787431804214153

114 Ozzies the Ruffian (level 4, 0/45 HPs)
             Began as a Troll Monk on Oct 3, 2020.
             Slain by an orc wizard
             ... wielding a +0 dagger
              (3 damage)
             ... on level 2 of the Dungeon.
             The game lasted 00:03:29 (1277 turns).

Ozzies the Ruffian (Troll Monk)                     Turns: 1277, Time: 00:03:30

Health: 0/45       AC:  6    Str: 20    XL:     4   Next: 66%
Magic:  3/3        EV: 10    Int:  6    God:
Gold:   136        SH:  0    Dex: 12    Spells: 3/3 levels left

rFire    . . .     SeeInvis .     - Unarmed
rCold    . . .     Faith    .   (no shield)
rNeg     . . .     Spirit   .   a - +0 robe
rPois    .         Reflect  .   (helmet restricted)
rElec    .         Harm     .   (no cloak)
rCorr    .         Rampage  .   (gloves unavailable)
MR       .....                  (boots unavailable)
Stlth    ++........             (no amulet)
HPRegen  0.55/turn              m - +4 ring of slaying
MPRegen  0.08/turn              r - ring of flight

@: slowed, very slow
A: large, unfitting armour, claws 3, regeneration 1, shaggy fur 1, tough skin 3
a: Evoke Flight


You were on level 2 of the Dungeon.
You visited 1 branch of the dungeon, and saw 3 of its levels.

You collected 136 gold pieces.

Inventory:

Missiles
 g - 46 stones
 l - 11 poisoned darts (quivered)
Armour
 a - a +0 robe (worn)
Jewellery
 m - a +4 ring of slaying (left claw)
 r - a ring of flight (right claw)
Scrolls
 b - 6 scrolls of identify {unknown}
 d - 2 scrolls of enchant weapon {unknown}
 h - a scroll of blinking {unknown}
 j - a scroll of noise {unknown}
 k - a scroll of fear {unknown}
 n - a scroll of immolation {unknown}
 p - a scroll of amnesia {unknown}
 q - a scroll of remove curse {unknown}
Potions
 c - a potion of stabbing {unknown}
 e - a potion of brilliance {unknown}
 f - a potion of cancellation {unknown}
 i - a potion of curing {unknown}
 o - 2 potions of flight {unknown}
 s - a potion of haste {unknown}


   Skills:
 + Level 3.1 Fighting
 + Level 2.0 Throwing
 - Level 2.6 Dodging
 - Level 1.0 Stealth
 + Level 4.0 Unarmed Combat


You had 3 spell levels left.
You didn't know any spells.
Your spell library was empty.

Dungeon Overview and Level Annotations

Branches:
Dungeon (3/15)

Altars:
Nemelex Xobeh


Innate Abilities, Weirdness & Mutations

You are too large for most types of armour.
You have claws for hands.
Your natural rate of healing is unusually fast.
You are covered in fur. (AC +1)
You have extremely tough skin. (AC +3)


Message History

* * * LOW HITPOINT WARNING * * *
There is an open door here.
The orc wizard hits you with a +0 dagger.
* * * LOW HITPOINT WARNING * * *
The orc wizard hits you but does no damage.
The orc wizard mumbles some strange words.
The orc wizard blinks!
There is a stone staircase leading up here.
The orc wizard casts a spell at you. The magic dart hits you.
* * * LOW HITPOINT WARNING * * *
The orc wizard misses you. The orc wizard closely misses you.
You climb upwards.
There is a stone staircase leading down here.
You scratch the orc wizard.
The orc wizard is moderately wounded.
The orc wizard hits you with a +0 dagger.
* * * LOW HITPOINT WARNING * * *
The orc wizard hits you with a +0 dagger.
You die...

#........# #....
#........# #....
#........# #######
#..<. #.......)#
#.....# #....
#........# #.....#
#.... #....)...#
#.....# #....
##..##.######.....#
#....
#.###..###....o..#
###.#
#.##......[#...@.#
#.#
#....#.#####.รท...#
#.# ##..###.#
##.#### #.# #..##
#.# ###.# #.# #..#
#.####...# #.# ..##
#..)...### #.# ..#
##..#####
#########.# #.#
##..## #..........
..###....#
#..........


You could see an orc wizard (fast).

Vanquished Creatures
  An orc wizard (D:3)
  2 adders
  An ooze (D:1)
  2 worms
  A dart slug (D:2)
  3 leopard geckos
  2 orcs (D:3)
  A ball python (D:1)
  9 bats
  3 giant cockroaches
  4 goblins
  12 hobgoblins
  7 jackals
  2 frilled lizards (D:1)
  4 kobolds
  4 rats
58 creatures vanquished.

Notes
Turn   | Place    | Note
-------+----------+-------------------------------------------
     0 | D:1      | Ozzies the Troll Monk began the quest for the Orb.
     0 | D:1      | Reached XP level 1. HP: 22/22 MP: 0/0
    41 | D:1      | Reached XP level 2. HP: 25/29 MP: 1/1
   141 | D:1      | Reached skill level 1 in Throwing
   228 | D:1      | Reached XP level 3. HP: 35/36 MP: 2/2
   597 | D:2      | Found a sparkling altar of Nemelex Xobeh.
   892 | D:2      | Reached XP level 4. HP: 44/44 MP: 3/3
  1257 | D:3      | Reached skill level 4 in Unarmed Combat
  1275 | D:3      | HP: 2/45 [orc wizard/magic dart (5)]
  1277 | D:2      | Slain by an orc wizard

Illustrated notes

Levels and vault maps discovered:
D:1:      psy_arrival_terrarium, layout_basic, minmay_pentomino_u2
D:2:      layout_rooms, nemelex_xobeh_ov_fountains_minmay
D:3:      layout_loops_corners

Skill      XL: |  1  2  3  4 |
---------------+-------------+-----
Throwing       | 1 2 |  2.0
Fighting       | 3 |  3.1
Unarmed Combat | 4 |  4.0
Dodging        | |  2.6
Stealth        | |  1.0

Action                   |  1- 3 |  4- 6 || total
-------------------------+-------+-------++-------
Melee: Unarmed           |   105 |    40 ||   145
       Punch             |     1 |       ||     1
 Stab: Sleeping          |     1 |     1 ||     2
Armor: Robe              |    44 |     7 ||    51
Dodge: Dodged            |    36 |    15 ||    51

Table legend: (Time is in decaauts)
 A = Elapsed time spent in this place.
 B = Non-inter-level travel time spent in this place.
 C = Inter-level travel time spent in this place.
 D = Time resting spent in this place.
 E = Time spent auto-exploring this place.
 F = Levels seen in this place.
 G = Mean time per level.
                   A        B        C        D        E       F      G
               +--------+--------+--------+--------+--------+-----+--------+
         Total |   1270 |   1229 |     41 |      0 |    923 |   3 |  423.3 |
       Dungeon |   1270 |   1229 |     41 |      0 |    923 |   3 |  423.3 |
               +--------+--------+--------+--------+--------+-----+--------+

Top non-repeatable levels by time:
     D:1: 567 daAuts
     D:2: 466 daAuts
     D:3: 236 daAuts
